cohdb
Replays
Latest Replays
All Replays
Popular Replays
Top Player Replays
Match Explorer
How It Works
Community
CoH3 Stats
Reddit
Sign in to upload your games and track your stats! →
Sign in with Steam
Match 42889794
Unlisted
Match 42889794
Overview
Messages
Build Orders
End
Engineer Squad
Engineer Squad
Scout Squad
Scout Squad
Construct Barracks
1⁄4-ton 4x4 Truck
1⁄4-ton 4x4 Truck
Mechanized Support Center
Improvised Armor
Engineer Squad
M1 Mortar Team
Construct Motor Pool
1⁄4-ton 4x4 Truck
1⁄4-ton 4x4 Truck
1⁄4-ton 4x4 Truck
1⁄4-ton 4x4 Truck
M24 Chaffee Light Tank
M1 Mortar Team
1⁄4-ton 4x4 Truck
Construct Weapon Support Center
M1919 Machine Gun Team
Engineer Squad
1⁄4-ton 4x4 Truck
M1 Anti-tank Gun Team
1⁄4-ton 4x4 Truck
Riflemen Squad
FB||Kenny
Fajolada
0
0
Comments
sign in to comment!
No comments posted yet!